 Dungeon Crawl Stone Soup version 0.29.1-15-g9cfb28693d (webtiles) character file.

Game seed: 2050909279591905356

1 flotson the Sneak (level 1, -1/18 HPs)
             Began as a Demonspawn Delver on Apr 1, 2023.
             Slain by an ufetubus (3 damage)
             ... on level 5 of the Dungeon.
             The game lasted 00:00:42 (62 turns).

flotson the Sneak (Demonspawn Delver)                 Turns: 62, Time: 00:00:43

Health: -1/18      AC:  3    Str: 12    XL:     1   Next: 16%
Magic:  1/1        EV: 11    Int: 11    God:
Gold:   27         SH:  0    Dex: 14    Spells: 0/0 levels left

rFire   . . .      SeeInvis .   a - +0 hand axe
rCold   . . .      Faith    .   (no shield)
rNeg    . . .      Spirit   .   b - +0 leather armour
rPois   .          Reflect  .   (no helmet)
rElec   .          Harm     .   (no cloak)
rCorr   .          Rampage  .   (no gloves)
Will    .....                   (no boots)
Stlth   ++........              (no amulet)
HPRegen 0.06/turn               (no ring)
MPRegen 0.07/turn               (no ring)

@: hasted, very quick
A: no striking features
a: no special abilities


You were on level 5 of the Dungeon.
You visited 1 branch of the dungeon, and saw 2 of its levels.

You collected 27 gold pieces.

Inventory:

Hand Weapons
 a - a +0 hand axe (weapon)
Armour
 b - a +0 leather armour (worn)
Wands
 g - a wand of digging (3)
Scrolls
 c - a scroll of fog
 e - a scroll of fear


   Skills:
 + Level 3.0 Fighting
 + Level 1.8 Axes
 + Level 1.8 Dodging
 + Level 4.5 Stealth


You couldn't memorise any spells.
You didn't know any spells.
Your spell library was empty.

Dungeon Overview and Level Annotations

Branches:
Dungeon (5/15)
 Temple: D:4-7

Altars:

Portals:
Sewer: D:5


Message History

Found a scroll labelled JOFREELAKKE.
Found a robe.
Found 9 gold pieces.
An ufetubus comes into view.
Found a puce potion.
The jelly quivers.
Found a stone staircase leading up.
The ufetubus shouts!
The ufetubus barely misses you. The ufetubus misses you.
The ufetubus attacks as you move away! The ufetubus completely misses you.
The ufetubus barely misses you.
You hear the slow rusting of a drain very nearby.
The ufetubus barely misses you.
The ufetubus hits you but does no damage.
A quokka comes into view.
A quokka comes into view.
The ufetubus barely misses you. The ufetubus hits you.
You hit the quokka.
The quokka is severely wounded.
You barely miss the ufetubus. The ufetubus closely misses you.
The ufetubus hits you. x3; The quokka barely misses you.
You feel yourself speed up. The ufetubus hits you.
The ufetubus hits you but does no damage.
The quokka bites you. The ufetubus closely misses you. The ufetubus hits you.
* * * LOW HITPOINT WARNING * * *
You hit the quokka but do no damage.
The quokka is severely wounded.
You hit the ufetubus but do no damage. The quokka bites you.
* * * LOW HITPOINT WARNING * * *
The ufetubus hits you.
* * * LOW HITPOINT WARNING * * *
The ufetubus misses you.
You hit the quokka.
You kill the quokka!
You barely miss the ufetubus. The ufetubus barely misses you.
The ufetubus hits you but does no damage.
Found a glowing drain.
A quokka and a giant cockroach come into view.
The ufetubus attacks as you move away! The ufetubus hits you.
You die...

***,* *,.............$. *,*
*****#........... #,*
#........... #.#######
#.####...... #.......#
##.#**#......
#.......###..#.......#.
#...........#<.##....##
*****#######.5####..###.....#
**,~~~r~~~~r.@......##
#...... *,,~~~~∩~~~~....#####
#...... *,,~~~B~~~~~...##
#....## *,****#######..#
**,,,,, *,,* *,.### ***,**
**,** **,.* *,,,**
*,,******,..* **+****
**,,,**,,,..* **,,,***
**,,,,,,,,,,****** *8,,,8**


You could see an ufetubus, 2 quokkas and a giant cockroach (asleep).

Vanquished Creatures
  A quokka (D:5)
1 creature vanquished.

Notes
Turn   | Place    | Note
-------+----------+-------------------------------------------
     0 | D:5      | flotson the Demonspawn Delver began the quest for the Orb.
     0 | D:5      | Reached XP level 1. HP: 18/18 MP: 1/1
     4 | D:5      | Noticed a jelly
    26 | D:5      | Noticed a hound
    60 | D:5      | Found a glowing drain.
    62 | D:5      | Slain by an ufetubus

Illustrated notes

Levels and vault maps discovered:
D:4:      layout_rooms, minmay_temple_entry_gardened_gates
D:5:      layout_rooms, portal_sewer_entry_f,
          nicolae_concentric_dashed_squares_wild, lightli_church_of_beogh,
          uniq_duvessa

Action                   || total
-------------------------++-------
Melee: Hand axe          ||     3
  Use: Scroll            ||     1
       Potion            ||     1
Armor: Leather armour    ||     3
Dodge: Dodged            ||    11
